 Dungeon Crawl Stone Soup version 0.18-a0-844-g9229740 (webtiles) character file.

338 4thArraOfDagon the Skirmisher (level 6, 4/52 HPs)
             Began as a Demigod Assassin on Dec 18, 2015.
             Quit the game on level 7 of the Dungeon.
             The game lasted 00:08:13 (1542 turns).

4thArraOfDagon the Skirmisher (Demigod Assassin)    Turns: 1542, Time: 00:08:14

Health: 4/52       AC:  8    Str: 16    XL:     6   Next: 7%
Magic:  17/17      EV: 11    Int: 15    God:
Gold:   169        SH:  0    Dex: 19    Spells: 0 memorised, 5 levels left

rFire  . . .     SeeInvis .     y - +1 scimitar
rCold  . . .     Gourm    .     s - +0 scale mail
rNeg   . . .     Faith    .     (no shield)
rPois  .         Spirit   .     (no helmet)
rElec  .         Dismiss  .     d - +0 cloak
rCorr  .         Reflect  .     v - +0 pair of gloves
SustAt +         Harm     .     (no boots)
MR     .....                    (no amulet)
Stlth  +.........               (no ring)
                                t - ring of magical power

@: lethally poisoned (4 -> -3), not resistant to hostile enchantments, very
unstealthy
A: high mp 1, sustain attributes
a: no special abilities


You were on level 7 of the Dungeon.
You were hungry.

You visited 1 branch of the dungeon, and saw 7 of its levels.
You also visited: Bailey.

You collected 169 gold pieces.

Inventory:

Hand Weapons
 a - a +2 dagger
 b - a +0 blowgun
 y - a +1 scimitar (weapon)
Missiles
 e - 29 poisoned needles
 f - 7 curare-tipped needles
 h - 7 javelins (quivered)
 q - 2 silver tomahawks
Armour
 d - a +0 cloak (worn)
 s - a +0 scale mail (worn)
 v - a +0 pair of gloves (worn)
Jewellery
 t - a ring of magical power (left hand)
Wands
 A - a wand of fireball (9)
Scrolls
 c - a scroll of remove curse {unknown}
 o - 2 scrolls of blinking
 p - a scroll of fear
 u - a scroll of immolation {unknown}
 z - a scroll of enchant armour {unknown}
Potions
 n - a potion of might
Comestibles
 g - a bread ration
 j - a beef jerky
 m - 2 fruits
 r - a meat ration


   Skills:
 - Level 4.0 Fighting
 - Level 1.7(2.0) Short Blades
 * Level 1.3(1.8) Long Blades
 - Level 1.7 Throwing
 + Level 2.7 Armour
 + Level 2.9 Dodging
 - Level 3.6 Stealth


You had 5 spell levels left.
You didn't know any spells.

Dungeon Overview and Level Annotations

Branches:
Dungeon (7/15)
 Temple: D:4-7

Annotations:
D:4 Menkaure


Innate Abilities, Weirdness & Mutations

You have an increased reservoir of magic (+10% MP).
Your attributes are resistant to harm.


Message History

* * * LOW HITPOINT WARNING * * *
Unknown command.
Drink which item? (? for menu, Esc to quit)
It was a potion of poison.
That liquid tasted very nasty...
You are poisoned.
* * * LOW HITPOINT WARNING * * *
You feel sick. The hound bites you.
* * * LOW HITPOINT WARNING * * *
The gnoll barely misses you.
Unknown command.
Unknown command.
* * * LOW HITPOINT WARNING * * *
You feel sick. The hound barely misses you. The hound bites you.
* * * LOW HITPOINT WARNING * * *
Welcome back to the Dungeon! x2
* * * LOW HITPOINT WARNING * * *
You feel sick.
There is an empty arch of ancient stone here.
Unknown command.
Are you sure you want to abandon this character and quit the game? (Confirm with "yes".)

***,**,,,,,,..##,*#....#**,***,,,
* *,**,,,..,.....##....###.* *,*,
* *,,,,,*#.#.**#...........* *,*,
* *,,*,,*#....#***#....####***,*,
* *#.#...,....# #........,,,,,,
*###.#..#**#..#####.######.,**,,,
,,......####........# *,,**,,*
***#............h..## ***,,**,,*
#####...#*#....)@).# *,,,,,,,**
........###(.#..)..# *,,,,*****
....)..............#****,*,,,,,**
*##.#.>...........##*,,,,,,,,,,**
*#.......###.###### *****,,***,**
*#..#.##.# #.# *,,,,,,,,
*#..#.##.# #.# *,,,,,,,,
*#.......# #.# *,,,**,**
###.#.##.###.# *,*,**,*


You could see a hound.

Vanquished Creatures
  2 giant frogs (D:6)
  2 hounds
  An orc wizard (D:6)
  A worker ant (D:7)
  2 hound zombies
  An adder (D:2)
  An ooze (D:3)
  A worm (D:2)
  7 orcs
  5 goblins
  4 hobgoblins
  4 jackals (D:2)
  3 kobolds
  A quokka (D:2)
  4 bats
  3 giant cockroaches
  3 giant geckos
  4 giant newts
  6 rats
55 creatures vanquished.

Notes
Turn   | Place    | Note
--------------------------------------------------------------
     0 | D:1      | 4thArraOfDagon the Demigod Assassin began the quest for the Orb.
     0 | D:1      | Reached XP level 1. HP: 17/17 MP: 3/3
     0 | D:1      | uhh what
   266 | D:2      | Reached XP level 2. HP: 22/25 MP: 4/4
   401 | D:2      | nice lab
   433 | D:2      | Found a deep blue altar of Sif Muna.
   463 | D:2      | Reached skill level 1 in Dodging
   553 | D:2      | Reached XP level 3. HP: 31/31 MP: 5/5
   644 | D:3      | Noticed an angel
   645 | D:3      | Found a glowing silver altar of Zin.
   715 | D:3      | Found a burning altar of Makhleb.
   913 | D:4      | Noticed Menkaure
   916 | D:5      | Entered Level 5 of the Dungeon
   928 | D:5      | Reached skill level 1 in Armour
   946 | D:5      | Found a shattered altar of Ashenzari.
   959 | D:5      | Reached XP level 4. HP: 30/38 MP: 6/6
  1008 | D:4      | Noticed a phantom
  1125 | D:6      | Reached XP level 5. HP: 31/46 MP: 7/7
  1141 | D:6      | Reached skill level 4 in Fighting
  1476 | D:7      | Found a flagged portal.
  1486 | D:7      | Reached skill level 1 in Long Blades
  1517 | Bailey   | Entered a bailey
  1528 | Bailey   | Reached XP level 6. HP: 52/52 MP: 8/8
  1542 | D:7      | Quit the game

Vault maps used:
D:1:      matt_arrival_los_fun, serial_bayou_pond_c
D:2:      led_sif_pool, minmay_misc_feat_secret_circle, supply_closet_lemuel,
          minmay_misc_feat_pillars
D:3:      bloody_makhleb, marbit_many_paths, zin_angel
D:4:      lemuel_crystal_altar, fedhas_altar_4, trog_hazing_becter,
          uniq_menkaure
D:5:      old_standard_altar, minmay_temple_entry_large_hall, first_bread,
          interstate_on_off
D:6:      serial_shops, shop, kennysheep_generic_room_10
D:7:      enter_bailey_2
Bailey:   bailey_polearm_gnolls_kennysheep, bailey

Action                   |  1- 3 |  4- 6 || total
-------------------------+-------+-------++-------
Melee: Dagger            |   123 |    52 ||   175
       Scimitar          |       |     5 ||     5
 Fire: Blowgun           |     8 |    21 ||    29
  Use: Potion            |     1 |     2 ||     3
       Scroll            |     3 |     3 ||     6
 Stab: Sleeping          |     7 |     1 ||     8
  Eat: Fruit             |       |     1 ||     1
       Chunk             |       |     1 ||     1
